Cogmind - Beta 16 @@@ ROGUE MODE // 2025.11.20 @ 22:40:53 Player: V_ Result: Destroyed by L-31 Rogue with Katana Performance ------------- Evolutions (2) 1000 Regions Visited (3) 600 Robots Destroyed (40) 200 Value Destroyed (984) 984 Prototype IDs (2) 40 Alien Tech Used (0) 0 Bonus (0) 0 TOTAL SCORE: 2824 Bonus ------- None Cogmind --------- Core Integrity 0/550 Matter 142/300 Energy 265/265 System Corruption 13% Temperature Cool (0) Movement Treading (145) Location -8/Materials Parts ------- > --- POWER (2) -------- Improved Ion Engine > --- PROPULSION (2) --- Advanced Treads Titanium Leg > --- UTILITY (4) ------ Terrain Scan Processor Hardened Light Armor Plating Hacking Suite > --- WEAPON (3) ------- Heavy Hammer Heavy Hammer > --- INVENTORY (5) ---- Flight Unit Improved Heat Sink Improved Signal Interpreter Mining Laser Heavy Hammer Peak State ------------ > --- POWER ------------ Improved Ion Engine > --- PROPULSION ------- Advanced Treads Titanium Leg > --- UTILITY ---------- Improved Heat Sink Terrain Scan Processor Hardened Light Armor Plating Hacking Suite > --- WEAPON ----------- Shock Rifle Heavy Hammer Heavy Hammer > --- INVENTORY -------- Flight Unit Improved Heat Sink Mining Laser Heavy Hammer [Rating: 25] Favorites ----------- Power Ion Engine Engine Ion Engine Propulsion Aluminum Leg Treads Advanced Treads Leg Aluminum Leg Flight Unit Flight Unit Utility Improved Terrain Scanner Device Improved Terrain Scanner Processor Terrain Scan Processor Hackware Hacking Suite Protection Light Armor Plating Weapon EM Pulse Gun Energy Gun EM Pulse Gun Energy Cannon Light EM Pulse Cannon Ballistic Cannon Flak Cannon Launcher Grenade Launcher Special Weapon Mining Laser Impact Weapon Heavy Hammer Build | -11 -10 -9 -8 ------- Run | Yrd Mat Mat Mat Slots Evolved 4 | . . 2 2 Power 1 | . . . 1 Propulsion . | . . . . Utility 2 | . . 2 . Weapon 1 | . . . 1 Parts Attached 41 | 6 3 5 27 Power 6 | 1 . . 5 Engine 6 | 1 . . 5 Core . | . . . . Reactor . | . . . . Propulsion 11 | 1 2 . 8 Treads 1 | . . . 1 Leg 6 | 1 2 . 3 Wheel . | . . . . Hover . | . . . . Flight 4 | . . . 4 Utility 11 | 2 1 2 6 Device 6 | 2 1 1 2 Storage . | . . . . Processor 1 | . . . 1 Hackware 1 | . . . 1 Protection 3 | . . 1 2 Artifact . | . . . . Weapon 13 | 2 . 3 8 Energy Gun 5 | 2 . . 3 Energy Cannon 1 | . . 1 . Ballistic Gun . | . . . . Ballistic Cannon 1 | . . . 1 Launcher 2 | . . 1 1 Special Weapon 1 | . . 1 . Impact Weapon 3 | . . . 3 Slashing Weapon . | . . . . Piercing Weapon . | . . . . Special Melee Weapon . | . . . . Unidentified Prototypes . | . . . . Corrupted Parts 1 | . . . 1 System Corruption 1 | . . . 1 Parts Lost 25 | . . 1 24 Power 5 | . . . 5 Propulsion 7 | . . . 7 Utility 6 | . . 1 5 Weapon 7 | . . . 7 Highest Loss Streak 17 | . . 1 17 To Critical Strikes . | . . . . Average Backups 3 | 1 3 4 3 Power . | . 1 1 . Propulsion . | . . 1 . Utility . | . . . . Weapon 1 | . 1 2 1 Tool/Special . | . . . . Unused Backups 2 | . 1 . 1 Power 1 | . 1 . . Propulsion . | . . . . Utility 1 | . . . 1 Weapon . | . . . . Tool/Special . | . . . . Average Slot Usage (%) 83 | . 92 93 65 Engine 12 | . 14 11 13 Leg 16 | . 21 21 8 Flight 1 | . . . 3 Device 23 | . 27 30 11 Processor 1 | . . . 4 Protection 4 | . . 8 4 Energy Gun 15 | . 28 12 7 Energy Cannon 3 | . . 7 3 Impact Weapon 1 | . . . 4 Peak Build Rating 25 | 8 9 12 25 Average Rating 10 | 4 8 11 12 On Entrance 7 | . 8 9 11 Avg Prop Armor Cover (%) 6 | . . . 6 Naked Turns 1 | . . . 1 Heaviest Build 25 | 11 11 17 25 Greatest Support 22 | 10 20 20 22 Greatest Overweight (x) 5 | 1 1 . 5 Average Overweight (x) . | . . . . Largest Inventory Capacity 5 | 5 5 5 5 Average Capacity 5 | 5 5 5 5 Most Carried 5 | 4 5 5 5 Average Carried 3 | 1 3 4 3 Final Capacity 5 | 5 5 5 5 Final Carried 5 | 2 5 5 5 Class Distribution -------------------- 82% | Mutant 11% | Scavenger-Mutant 5% | Scavenger-Tank Dominant Class ---------------- Mutant | -10/Materials Mutant | -9/Materials Mutant | -8/Materials Resources | -11 -10 -9 -8 ----------- Run | Yrd Mat Mat Mat Matter Collected 663 | 260 20 73 310 Remotely . | . . . . Salvage Created 1258 | 170 152 310 626 Parts 85 | 19 9 19 38 Haulers Intercepted . | . . . . Recyclers Shooed 2 | . . . 2 Parts Field Recycled . | . . . . Retrieved Matter . | . . . . Parts Self-Destructed . | . . . . Prevented . | . . . . Parts Restored . | . . . . Kills | -11 -10 -9 -8 ------- Run | Yrd Mat Mat Mat Combat Hostiles Destroyed 27 | . 3 9 15 Guns 9 | . 3 1 5 Cannons 9 | . . 4 5 AOE 7 | . . 4 3 Classes Destroyed 8 | 2 2 4 . Worker 3 | . . 1 2 Builder 2 | . . 1 1 Tunneler 5 | 5 . . . Recycler 2 | 1 . . 1 Watcher 1 | . 1 . . Swarmer 8 | . . 4 4 Grunt 14 | . 3 3 8 Sentry 5 | . . 2 3 Best Kill Streak 7 | 4 2 7 6 Combat Bots Only 5 | . 2 5 5 Max Kills in Single Turn 4 | 1 1 2 4 Gunslinging . | . . . . Exploded 2 | . . 2 1 Melee . | . . . . Uniques/NPCs Destroyed . | . . . . Combat | -11 -10 -9 -8 -------- Run | Yrd Mat Mat Mat Hostile Shots Fired 237 | . 11 43 183 Missed 61 | . 3 13 45 Hits 176 | . 8 30 138 Melee 4 | . . . 4 Projectile 172 | . 8 30 134 Critical Strikes 4 | . . . 4 Damage Taken 2618 | . 92 353 2173 Core 659 | . 23 79 557 Absorbed by Shields 124 | . . . 124 Regen/Repaired (Parts) 97 | . . 97 . Core Remaining (%) 90 | 100 90 80 . Volleys Fired 73 | 6 9 19 39 Largest 3 | 2 2 2 3 Hottest 146 | 90 90 100 146 Shots Fired 114 | 12 18 31 53 Gun 68 | 12 18 12 26 Cannon 37 | . . 14 23 Launcher 7 | . . 3 4 Special 2 | . . 2 . Kinetic 18 | . . . 18 Thermal 21 | 6 9 2 4 Explosive 7 | . . 3 4 Electromagnetic 68 | 6 9 26 27 Robot Hit Streak 11 | 2 7 11 5 Robot Miss Streak 6 | 1 1 4 6 Penetration Max . | . . . . Secondary Targets 1 | . 1 . . Max Gunslinging Chain 1 | . 1 . . Shots Hit Robots 80 | 6 14 16 44 Core Hits 75 | 7 6 12 50 Critical Kills . | . . . . Critical Parts Destroyed 2 | . . . 2 Critical Strikes 3 | . 1 . 2 Burn 1 | . 1 . . Smash 2 | . . . 2 Melee Attacks 10 | . . . 10 Impact 10 | . . . 10 Slashing . | . . . . Piercing . | . . . . Sneak Attacks . | . . . . Combat Hostiles . | . . . . Follow-up Attacks 1 | . . . 1 Damage Inflicted 2375 | 93 198 594 1490 Guns 627 | 93 198 89 247 Cannons 700 | . . 203 497 Explosions 806 | . . 302 504 Melee 242 | . . . 242 Ramming . | . . . . Kinetic 374 | . . . 374 Thermal 359 | 38 102 106 113 Explosive 621 | . . 196 425 Electromagnetic 779 | 55 96 292 336 Impact 242 | . . . 242 Slashing . | . . . . Piercing . | . . . . Highest Corruption 13 | . 1 . 13 Average Corruption 12 | . 1 . 12 Corruption Purged . | . . . . Corruption Blocked . | . . . . Effects 17 | . . . 17 Message Errors 3 | . . . 3 Matter Fused 3 | . . . 3 Heat Flow Errors 3 | . . . 3 Energy Discharges 1 | . . . 1 Parts Rejected 1 | . . . 1 Data Loss (major) 4 | . . . 4 Misdirections 1 | . . . 1 Weapon Failures 1 | . . . 1 Overload Shots . | . . . . Overflow Damage 93 | . . 15 78 Projectiles . | . . . . Explosions 21 | . . 15 6 Melee 72 | . . . 72 Knockbacks 20 | . . . 20 Impact 1 | . . . 1 Kinetic 15 | . . . 15 Secondary 4 | . . . 4 Self-Inflicted Damage 55 | . . 37 18 Shots 4 | . . 2 2 Rammed . | . . . . Targets Rammed . | . . . . Kicked . | . . . . Crushed . | . . . . Highest Temperature 325 | 120 174 78 325 Average Temperature 95 | 50 69 29 146 Received Heat Transfer 804 | . 51 108 645 Effects 5 | . . . 5 Interference 4 | . . . 4 Matter Decay 1 | . . . 1 Siege Activations . | . . . . Martial Activations . | . . . . Shielding Activations . | . . . . Robots Disrupted . | . . . . Combat Hostiles . | . . . . Robots Corrupted 2 | . . . 2 Combat Hostiles 2 | . . . 2 Parts Fried 1 | . . . 1 Impact Corruptions 3 | . . . 3 Robots Melted . | . . . . Combat Hostiles . | . . . . Parts Melted 1 | . 1 . . Heat Transferred 755 | 111 370 150 124 Parts Sabotaged . | . . . . Parts Stolen . | . . . . Parts Stripped . | . . . . Power Chain Reactions 3 | . . 2 1 Alert | -11 -10 -9 -8 ------- Run | Yrd Mat Mat Mat Maximum Alert Level 1 | . . . 1 Low Security (%) 98 | 100 100 100 95 Level 1 1 | . . . 4 Level 2 . | . . . . Level 3 . | . . . . Level 4 . | . . . . Level 5 . | . . . . High Security . | . . . . Max Security . | . . . . Peak Influence 204 | 15 50 183 204 Initial 69 | . 6 . 69 Average 43 | 4 7 29 92 Influence Increases 1086 | 30 103 335 618 Destroy 0b10 Robot/C 540 | . 60 180 300 Destroy 0b10 Robot/NC 65 | 30 5 10 20 Destroy Leader 112 | . 12 40 60 Successful Hack 35 | . 11 18 6 Disable Machine 30 | . . 30 . Destroy Structure 64 | . . 27 37 Lose Combat Pursuer 240 | . 15 30 195 Influence Decreases 894 | 20 113 170 591 Entered New Map 100 | . 4 . 96 Time Decay 542 | 20 97 160 265 Lost Part 240 | . . 10 230 Purge Threat 12 | . 12 . . Squads Dispatched 4 | . 1 1 2 Investigation 2 | . 1 1 . Extermination . | . . . . Reinforcement 1 | . . . 1 Assault . | . . . . Garrison 1 | . . . 1 Intercept . | . . . . Searches Triggered . | . . . . Construction Impeded 1 | . . . 1 Haulers Reinforced . | . . . . Active Scanning Responses . | . . . . Cargo Convoy Interrupts . | . . . . Stealth | -11 -10 -9 -8 --------- Run | Yrd Mat Mat Mat Distress Signals 7 | . . . 7 Communications Jammed . | . . . . Distress Signals . | . . . . Times Spotted 63 | . 6 17 40 Peak Tracking Total 11 | . 3 6 11 Tactical Retreats 9 | . 1 2 6 Traps | -11 -10 -9 -8 ------- Run | Yrd Mat Mat Mat Traps Triggered 1 | . 1 . . Indirectly . | . . . . Trap Hack Attempts . | . . . . Triggered . | . . . . Disarmed . | . . . . Reprogrammed . | . . . . Reused . | . . . . Traps Extracted . | . . . . Installed . | . . . . Triggered . | . . . . Machines | -11 -10 -9 -8 ---------- Run | Yrd Mat Mat Mat Machines Disabled 2 | . . 2 . Max in Single Turn 1 | . . 1 . Machines Repaired . | . . . . Machines Dismantled . | . . . . Machines Sabotaged . | . . . . Overloaded Fab Kills . | . . . . Hacking | -11 -10 -9 -8 --------- Run | Yrd Mat Mat Mat Machines Accessed 13 | . 6 4 3 Terminals 10 | . 5 3 2 Fabricators . | . . . . Repair Stations 1 | . . 1 . Recycling Units 2 | . 1 . 1 Scanalyzers . | . . . . Garrison Access . | . . . . Total Hacks 33 | . 13 16 4 Successful 17 | . 5 10 2 Failed 16 | . 8 6 2 Catastrophic 7 | . 2 3 2 Database Lockouts . | . . . . Manual 11 | . 4 4 3 Terminals 24 | . 12 9 3 Fabricators . | . . . . Repair Stations 7 | . . 7 . Recycling Units 2 | . 1 . 1 Scanalyzers . | . . . . Garrison Access . | . . . . Terminal Hacks 9 | . 4 4 1 Prototype ID Bank 1 | . . 1 . Emergency Access Points 1 | . . 1 . Terminal Index 2 | . 1 . 1 Unreport Threat 1 | . 1 . . Hauler Manifests 1 | . 1 . . Zone Layout 3 | . 1 2 . Fabricator Hacks . | . . . . Repair Station Hacks 6 | . . 6 . Scan Component 3 | . . 3 . Repair 3 | . . 3 . Recycling Unit Hacks 2 | . 1 . 1 Report Inventory 2 | . 1 . 1 Scanalyzer . | . . . . Garrison Access Hacks . | . . . . Unauthorized Hacks . | . . . . Terminals . | . . . . Fabricators . | . . . . Repair Stations . | . . . . Recycling Units . | . . . . Scanalyzers . | . . . . Garrison Access . | . . . . Data Cores Recovered . | . . . . Used . | . . . . Hacking Detections 11 | . 6 4 1 Full Trace Events 3 | . 1 2 . Feedback Events . | . . . . Feedback Blocked . | . . . . Robot Schematics Acquired . | . . . . Robots Built . | . . . . Authchips . | . . . . Time . | . . . . Total Robot Build Rating . | . . . . Part Schematics Acquired . | . . . . Parts Built . | . . . . Authchips . | . . . . Time . | . . . . Total Part Build Rating . | . . . . Part Studies Acquired . | . . . . Parts Repaired 3 | . . 3 . Time 84 | . . 84 . Parts Recycled . | . . . . Recycled Matter . | . . . . Retrieved Matter . | . . . . Retrieved Components . | . . . . Parts Scanalyzed . | . . . . Part Schematics Acquired . | . . . . Parts Damaged . | . . . . Bothacking | -11 -10 -9 -8 ------------ Run | Yrd Mat Mat Mat Used RIF Installer . | . . . . Robots Hacked . | . . . . Non-combat . | . . . . Combat . | . . . . Robot Hacks Applied . | . . . . Relay Couplers Released . | . . . . Fabnet Peak Effective % . | . . . . Robots Rewired . | . . . . Allies Hacked . | . . . . Hacks Repelled . | . . . . Allies | -11 -10 -9 -8 -------- Run | Yrd Mat Mat Mat Total Allies . | . . . . Largest Group . | . . . . Highest-Rated Group . | . . . . Highest-Rated Ally . | . . . . Total Orders . | . . . . Ally Attacks . | . . . . Total Damage . | . . . . Kills . | . . . . Allies Corrupted . | . . . . Allies Melted . | . . . . Intel | -11 -10 -9 -8 ------- Run | Yrd Mat Mat Mat Active Infowar (turns) 1308 | 40 504 568 196 Sensors 1053 | . 492 561 . Terrain 1273 | 5 504 568 196 Seismic 44 | 40 4 . . Robot Analysis Total . | . . . . Derelict Logs Recovered . | . . . . Drone Launches . | . . . . Drone Recoveries . | . . . . Exploration | -11 -10 -9 -8 ------------- Run | Yrd Mat Mat Mat Turns Passed 1730 | 77 504 568 581 Spaces Moved 1011 | 43 322 269 377 Core 19 | 9 . . 10 Treads 61 | . . . 61 Legs 733 | 34 322 269 108 Wheels . | . . . . Hover . | . . . . Flight 198 | . . . 198 Fastest Speed 37 | 50 120 120 37 Average Speed 120 | 110 145 120 99 Slowest Speed 300 | 190 190 120 300 Overloaded Moves . | . . . . Propulsion Burnouts . | . . . . Robots Hopped 8 | . . . 8 Potential Cave-ins . | . . . . Cave-ins Triggered 1 | . . . 1 Exploration Rate (%) 35 | 3 64 33 40 Regions Visited 3 Branch Regions . Pre-discovered Areas . | . . . . Known Exits Taken . | . . . . Unknown Exits Taken 3 | 1 1 1 . Scrap Searched . | . . . . Spaces Dug 2 | . . 2 . Terrain Destroyed 63 | . . 26 37 Melee . | . . . . Projectile 2 | . . 2 . AOE 61 | . . 24 37 Terrain Rammed . | . . . . Walls Destroyed . | . . . . Machines Disabled . | . . . . Actions | -11 -10 -9 -8 --------- Run | Yrd Mat Mat Mat Total 1374 | 60 341 475 498 Wait 213 | . . 174 39 Move 994 | 42 321 268 363 Hop 6 | . . . 6 Pick Up 18 | 6 5 1 6 Fast Attach 30 | 2 2 5 21 Attach 14 | 4 . 2 8 Detach 4 | . . 1 3 Swap 8 | . 1 4 3 Drop 5 | . 3 1 1 Fire 73 | 6 9 19 39 Melee 9 | . . . 9 Ram . | . . . . Kick . | . . . . Crush . | . . . . Escape Stasis . | . . . . Rewire . | . . . . Trap . | . . . . Miscellaneous . | . . . . Route ------- -11/Scrapyard -10/Materials (discovered 3 exits: *Mat / [*Min x2]) -9/Materials (discovered 3 exits: *Mat / [*Min] / [*Sto]) -8/Materials History --------- Turn | Location | Event 7 | -11/Scrapyard | Discovered new exit (range 15) 78 | -11/Scrapyard | Entered Materials 280 | -10/Materials | Discovered new exit (range 9) 301 | -10/Materials | Build established: Mutant 432 | -10/Materials | Discovered new exit (range 16) 458 | -10/Materials | Discovered new exit (range 15) 582 | -10/Materials | Entered another Materials area 582 | -9/Materials | Evolved 2 slots: Utility x2 690 | -9/Materials | Discovered new exit (range 11) 742 | -9/Materials | Discovered new exit (range 11) 876 | -9/Materials | Repaired EM Pulse Gun 910 | -9/Materials | Repaired Lgt. EM Pulse Cannon 937 | -9/Materials | Repaired Aluminum Leg 1125 | -9/Materials | Discovered new exit (range 14) 1150 | -9/Materials | Entered another Materials area 1150 | -8/Materials | Evolved 2 slots: Power x1, Weapon x1 1393 | -8/Materials | Crushed by falling debris 1393 | -8/Materials | System corruption reached 10% 1456 | -8/Materials | Lost 17 parts (3p4n5u5w) 1460 | -8/Materials | Core integrity fell below 50% 1486 | -8/Materials | Garrison activated, responded to threat 1551 | -8/Materials | Core integrity fell below 20% 1731 | -8/Materials | Destroyed by L-31 Rogue with Katana Last Messages --------------- 01677_ R-06 Scavenger inserts Lgt. Armor Plating into recycling unit. 01680_ R-06 Scavenger inserts Corrupted Beam Rifle into recycling unit. 01680_ R-06 Scavenger collects Corrupted Imp. Ion Engine. 01681_ Recycling unit begins recycling process. 01683_ R-06 Scavenger inserts Corrupted Heat Sink into recycling unit. 01683_ R-06 Scavenger inserts Corrupted Imp. Ion Engine into recycling unit. 01684_ Recycling unit begins recycling process. 01692_ W-25 Informer sends out distress signal. 01701_ Shock Rifle destroyed. 01704_ Hvy. Hammer follow-up attack on G-50 Soldier. 01716_ System corrupted: Substantial component data lost. 01722_ Acquired Imp. Signal Interpreter. 01726_ Imp. Heat Sink severed. Map ----- +----------------------------------------------------+ | | | | | | | | | | | | | | | | | | | | | | | | | #####?????????????#??????????????????????????????? | | #?????????????????????????????????????????????? | | #????#????????????????????????????????????????? | | #??#########??????????????????????????????????? | | ##?# #?????????????????????????????????? | | #??# """ #???????######????????????????????? | | ####### """ #??????# #?????????????????? | | # """ # ?????#"" """ #?????????????????? | | + #??????#"T """ #?????????????????? | | # """ # ?????#"" """ #?????????????????? | | ### # """ # ?????# #?????????????????? | | ## # """ # ?????# """ #?????????????????? | | ## # # ?? ??# """ #?????????????????? | | ## ########## ?? ??# @ """ #?????????????????? | | # # ##### ?????# lgg #?????????????????? | | ## ## ???? #####/####?????????????????? | | ## !## ####+### #??????????????????? | | ## % ![ # =#??????????????????? | | ## ! [ + T #??????????????????? | | ### ![ # #??????????????????? | | #?#! =! # ####### * #??????????????????? | | ??# # #?????#######??????????????????? | | ### # [ # #??????????????????????????????? | | ?## ######### ########???????????????????????? | | #% %##??????# # #???????????????????????? | | # #???????# # """ #???????????????????????? | | #% ##??????# # "Y" #???????????????????????? | | + ##??????+ + ##??????????????????????? | | # ## ?????# # /! #??????????????????????? | | # %#????? ?# %# !! ##??????????????????????? | | ### ##?????## ########???????????????????????? | | ?# ####### ############??????????????????? | | ?# ?????????????????? | | ?+^ ! ?????????????????? | | ?# ?????????????????? | | ?# ####### """ ?????????????????? | | ?## ##?????## """ ??????????????????? | | ??# T#????###] / """ T????????????????? | +----------------------------------------------------+ Best States ------------- Heat Dissipation 45 Energy Generation 17 Energy Capacity 400 Matter Stores 300 Matter Capacity 300 Sight Range 16 Robot Scan Range 14 Terrain Scan Range 16 Terrain Scan Density 85 Armor Coverage 150 Resistance: EM 15 Evasion (%) 62 Recoil Reduction 1 Offensive Hacking 10 Item Schematics ----------------- None Robot Schematics ------------------ None Fabricated ------------ Nothing Repaired ---------- EM Pulse Gun | 20% | -9/Materials Lgt. EM Pulse Cannon | 48% | -9/Materials Aluminum Leg | 72% | -9/Materials Studied --------- None Alien Tech Used ----------------- None Achievements -------------- Everything Is Under Control Unlikely Earthworm Challenges ------------ None Game ------ Seed ThrusterPropulsionDrive Manual? 0 Play Time 00:40:40 Cumulative 9.0 hours Start 2025.11.20 @ 21:56:36 End 2025.11.20 @ 22:40:53 Sessions 1 Manual Loads 0 Difficulty Rogue Special Mode None Game No. 6 Rogue 6 Adventurer 0 Explorer 0 Win Type - Total 0 Types 0/0/0/0/0/0/0/0/0/0 Lore% 8 Gallery% 12 Achievement% 12 Wizard Run 0 Options --------- Layout 1 ASCII 0 Keyboard 0 Movement Mouse Keybinds 0 Fullscreen 2 Font 24/Terminus Map View 50x35 Zoom Use 0% Tactical HUD 1 Map Filters NONE Filters NONE Steam 1 RUN: 63b05729-d97f-43c7-843e-cac8f4db1abb